 Dungeon Crawl Stone Soup version 0.29-a0-1033-gb6c65ffae6 (webtiles) character file.

Game seed: 17454725612026188662

7 Monkooky the Sneak (level 2, 0/25 HPs)
             Began as a Barachi Delver on Aug 15, 2022.
             Slain by an adder (1 damage)
             ... on level 3 of the Dungeon.
             The game lasted 00:01:42 (261 turns).

Monkooky the Sneak (Barachi Delver)                  Turns: 261, Time: 00:01:43

Health: 0/25       AC:  3    Str: 13    XL:     2   Next: 0%
Magic:  2/2        EV: 12    Int: 10    God:
Gold:   13         SH:  0    Dex: 13    Spells: 1/1 levels left

rFire   . . .      SeeInvis .   a - +0 short sword
rCold   . . .      Faith    .   (no shield)
rNeg    . . .      Spirit   .   b - +0 leather armour
rPois   .          Reflect  .   (no helmet)
rElec   .          Harm     .   (no cloak)
rCorr   .          Rampage  .   (no gloves)
Will    .....                   (no boots)
Stlth   ++........              (no amulet)
HPRegen 0.08/turn               (no ring)
MPRegen 0.08/turn               (no ring)

@: unable to hop, hasted, quick
A: amphibious, slowness 1, strong legs 1, +LOS
a: Hop


You were on level 3 of the Dungeon.
You visited 1 branch of the dungeon, and saw 3 of its levels.

You collected 13 gold pieces.

Inventory:

Hand Weapons
 a - a +0 short sword (weapon)
Armour
 b - a +0 leather armour (worn)
Wands
 g - a wand of digging (2)
 h - a wand of polymorph (9)
Scrolls
 c - a scroll of fog
 e - a scroll of fear (quivered)
 i - a scroll of butterflies {unknown}


   Skills:
 + Level 3.8 Fighting
 + Level 2.3 Short Blades
 + Level 2.3 Dodging
 + Level 4.6 Stealth


You had one spell level left.
You didn't know any spells.
Your spell library was empty.

Dungeon Overview and Level Annotations

Branches:
Dungeon (5/15)
 Temple: D:4-7

Altars:


Innate Abilities, Weirdness & Mutations

You are amphibious.
You cover ground slowly.
You can hop short distances.
You have an extended range of vision and can be seen from far away.


Message History

You hit the ufetubus.
The ufetubus is severely wounded.
The ufetubus misses you. The ufetubus hits you. The ufetubus barely misses you.
The ufetubus hits you.
You closely miss the ufetubus.
The ufetubus is severely wounded.
The ufetubus misses you. The ufetubus barely misses you.
You hit the ufetubus.
You kill the ufetubus!
You have reached level 2!
You start resting.
A phantom is nearby!
Okay, then.
Hop to where?
Press: ? - help, Dir - move target Boing!
The phantom hits you. The phantom barely misses you.
The phantom attacks as you move away! The phantom hits you.
The phantom attacks as you move away! The phantom hits you.
Found an escape hatch in the ceiling.
The phantom misses you. The phantom attacks as you move away!
The phantom barely misses you.
Found a stone staircase leading up.
There is a stone staircase leading up here.
The phantom hits you.
* * * LOW HITPOINT WARNING * * *
You climb upwards.
The adder hisses angrily.
Found a scroll labelled HERAGR ILEIDEIF.
Found a stone staircase leading up.
There is a stone staircase leading down here.
Okay, then.
Read: scroll of fear
Press: ? - help, Q - select action, (/) - cycle Dir - look around, f - activate Look: a phantom (not susceptible)
Okay, then.
Unknown command.
You feel yourself speed up. The phantom hits you.
* * * LOW HITPOINT WARNING * * *
The phantom blinks!
You blink.
Found a robe.
The adder bites you.
You die...

###...#.
...... #.....
#....# #
#....# #.#
#....# ...#
#....#....#..
#.W.§........
+<.@S§###.##.
#...........
#.......S...
#..?........
#...##......#
#...# ......#
#...# .......
#...# .......
#...# [...


You could see a phantom, an adder and a ball python (wandering).

Vanquished Creatures
  An ufetubus (D:4)
  An endoplasm (D:4)
2 creatures vanquished.

Notes
Turn   | Place    | Note
-------+----------+-------------------------------------------
     0 | D:5      | Monkooky the Barachi Delver began the quest for the Orb.
     0 | D:5      | Reached XP level 1. HP: 18/18 MP: 1/1
   175 | D:4      | Noticed a phantom
   183 | D:4      | Reached XP level 2. HP: 16/25 MP: 2/2
   261 | D:3      | HP: 1/25 [phantom (6)]
   261 | D:3      | Slain by an adder

Illustrated notes

Levels and vault maps discovered:
D:3:      layout_basic, ebering_dispersal_statue_hall, uniq_crazy_yiuf_cottage
D:4:      layout_basic, mainiacjoe_overflow_tiny_flanked,
          biasface_ghost_orc_armoury
D:5:      layout_basic, nicolae_elyvilon_peaceful_grove

Action                   || total
-------------------------++-------
Melee: Short sword       ||     8
 Abil: Hop               ||     1
Evoke: Wand              ||     1
  Use: Scroll            ||     1
       Potion            ||     1
Armor: Leather armour    ||     1
Dodge: Dodged            ||    11

Table legend: (Time is in decaauts)
 A = Elapsed time spent in this place.
 B = Non-inter-level travel time spent in this place.
 C = Inter-level travel time spent in this place.
 D = Time resting spent in this place.
 E = Time spent auto-exploring this place.
 F = Levels seen in this place.
 G = Mean time per level.
                   A        B        C        D        E       F      G
               +--------+--------+--------+--------+--------+-----+--------+
         Total |    297 |    297 |      0 |     59 |      0 |   3 |   99.0 |
       Dungeon |    297 |    297 |      0 |     59 |      0 |   3 |   99.0 |
               +--------+--------+--------+--------+--------+-----+--------+

Top non-repeatable levels by time:
     D:4: 274 daAuts
     D:5: 22 daAuts
     D:3: 0 daAuts
